NCAA
PURDUE BOILERMAKERS @ GEORGIA TECH YELLOW JACKETS
05/02/2024
 
TOP OF THE 1ST
Purdue Boilermakers batting - Pitching for Georgia Tech Yellow Jackets : RHP Isaac Pope
Pitching: RHP Isaac Pope
Batting: RHB Bill Crawley 0-0: Ball
1-0: Ground out 5-3 (Groundball, 5S)
Batting: RHB John Martin 0-0: Called Strike
0-1: Called Strike
0-2: DOUBLE (Groundball, 5L)
Batting: RHB Norm Scott 0-0: Called Strike
0-1: Fly out, F5 (Line Drive, 56)
Batting: RHB Jeff Mason 0-0: Swinging Strike
0-1: Ball
1-1: Foul Ball, location: 2F
1-2: SINGLE (Flyball, 8LS)
John Martin to third
Runner from 3rd tries for Home, SAFE, no throw or cutoff
Batting: RHB Glenn Broadwater 0-0: Ball
1-0: Ball
2-0: Foul Ball, location: 2F
2-1: Fly out, F9 (Flyball, 89M)
Top of the 1st over - 1 run(s), 2 hit(s), 0 error(s), 1 left on base; Purdue 1 - Georgia Tech 0
BOTTOM OF THE 1ST
Georgia Tech Yellow Jackets batting - Pitching for Purdue Boilermakers : RHP Michael Morris
Pitching: RHP Michael Morris
Batting: LHB Mike Harris 0-0: Called Strike
0-1: Ball
1-1: Ground out 5-3 (Groundball, 5S)
Batting: SHB Ramón Valdés 0-0: Ball
1-0: Ball
2-0: Foul Ball, location: 2F
2-1: Foul Ball, location: 2F
2-2: Foul Ball, location: 2F
2-2: Foul Ball, location: 2F
2-2: Ball
3-2: Ground out 5-3 (Groundball, 56)
Batting: LHB Héctor Soto 0-0: Foul Ball, location: 2F
0-1: Ball
1-1: Ground out 4-3 (Groundball, 4)
Bottom of the 1st over - 0 run(s), 0 hit(s), 0 error(s), 0 left on base; Purdue 1 - Georgia Tech 0
TOP OF THE 2ND
Purdue Boilermakers batting - Pitching for Georgia Tech Yellow Jackets : RHP Isaac Pope
Batting: LHB Richard Brooks 0-0: Swinging Strike
0-1: Ball
1-1: Foul Ball, location: 2F
1-2: Foul Ball, location: 2F
1-2: Strikes out swinging
Batting: RHB John Jamison 0-0: Fly out, F9 (Flyball, 9M)
Batting: RHB Ricardo Velásquez 0-0: Called Strike
0-1: Foul Ball, location: 2F
0-2: Strikes out swinging
Top of the 2nd over - 0 run(s), 0 hit(s), 0 error(s), 0 left on base; Purdue 1 - Georgia Tech 0
BOTTOM OF THE 2ND
Georgia Tech Yellow Jackets batting - Pitching for Purdue Boilermakers : RHP Michael Morris
Batting: RHB Brian Cannon 0-0: Called Strike
0-1: Foul Ball, location: 2F
0-2: Strikes out swinging
Batting: RHB Luis Antonio Cuevas 0-0: Ball
1-0: Ball
2-0: Foul Ball, location: 2F
2-1: Called Strike
2-2: Ball
3-2: Strikes out swinging
Batting: RHB Jonny Lord 0-0: Called Strike
0-1: Swinging Strike
0-2: Foul Ball, location: 2F
0-2: Foul Ball, location: 2F
0-2: Ball
1-2: Fly out, F8 (Line Drive, 8RS)
Bottom of the 2nd over - 0 run(s), 0 hit(s), 0 error(s), 0 left on base; Purdue 1 - Georgia Tech 0
TOP OF THE 3RD
Purdue Boilermakers batting - Pitching for Georgia Tech Yellow Jackets : RHP Isaac Pope
Batting: RHB Ryan Brown 0-0: Ball
1-0: Called Strike
1-1: Foul Ball, location: 2F
1-2: Ball
2-2: SINGLE (Line Drive, 4MD)
Batting: RHB Bill Crawley 0-0: Ball
1-0: Called Strike
1-1: Foul Ball, location: 2F
1-2: SINGLE (Line Drive, 56D)
Ryan Brown to second
Batting: RHB John Martin 0-0: Ball
1-0: Foul Ball, location: 2F
1-1: Ball
2-1: Called Strike
2-2: Ball
3-2: Grounds into double play, 6-4-3 (Groundball, 6)
Ryan Brown to third
Batting: RHB Norm Scott 0-0: Called Strike
0-1: Ball
1-1: Called Strike
1-2: Fly out, F9 (Flyball, 9LM)
Top of the 3rd over - 0 run(s), 2 hit(s), 0 error(s), 1 left on base; Purdue 1 - Georgia Tech 0
BOTTOM OF THE 3RD
Georgia Tech Yellow Jackets batting - Pitching for Purdue Boilermakers : RHP Michael Morris
Batting: RHB John Smith 0-0: Called Strike
0-1: Ball
1-1: Called Strike
1-2: DOUBLE (Line Drive, 7LM)
Batting: RHB Pete McKee 0-0: Ball
1-0: Ground out 1-3 (Groundball, 13)
John Smith to third
Batting: RHB Pedro Fernández 0-0: Ball
1-0: Ground out 4-3 (Groundball, 4)
John Smith scores
Batting: LHB Mike Harris 0-0: Foul Ball, location: 2F
0-1: Foul Ball, location: 2F
0-2: Strikes out swinging
Bottom of the 3rd over - 1 run(s), 1 hit(s), 0 error(s), 0 left on base; Purdue 1 - Georgia Tech 1
TOP OF THE 4TH
Purdue Boilermakers batting - Pitching for Georgia Tech Yellow Jackets : RHP Isaac Pope
Batting: RHB Jeff Mason 0-0: Ball
1-0: SINGLE (Line Drive, 56)
Batting: RHB Glenn Broadwater 0-0: Ball
1-0: Foul Ball, location: 2F
1-1: Swinging Strike
1-2: Foul Ball, location: 2F
1-2: Ground out 5-3 (Groundball, 56S)
Jeff Mason to second
Batting: LHB Richard Brooks 0-0: Ball
1-0: Ball
2-0: Foul Ball, location: 2F
2-1: Ball
3-1: Base on Balls
Batting: RHB John Jamison 0-0: Called Strike
0-1: Ball
1-1: Swinging Strike
1-2: Foul Ball, location: 2F
1-2: Fielders Choice at 2nd, 6-4 (Groundball, 56)
Jeff Mason to third
Batting: RHB Ricardo Velásquez 0-0: Ball
1-0: SINGLE (Groundball, 6MD)
Jeff Mason scores
John Jamison to second
Throwing error, E8
John Jamison scores
Ricardo Velásquez to second
Batting: RHB Ryan Brown 0-0: Foul Ball, location: 2F
0-1: SINGLE (Groundball, 6)
Ricardo Velásquez to third
Runner from 3rd tries for Home, SAFE, no throw or cutoff
Batting: RHB Bill Crawley 0-0: Called Strike
0-1: Ball
1-1: Foul Ball, location: 2F
1-2: Foul Ball, location: 2F
1-2: Ball
2-2: Strikes out swinging
Top of the 4th over - 3 run(s), 3 hit(s), 1 error(s), 1 left on base; Purdue 4 - Georgia Tech 1
BOTTOM OF THE 4TH
Georgia Tech Yellow Jackets batting - Pitching for Purdue Boilermakers : RHP Michael Morris
Batting: SHB Ramón Valdés 0-0: Called Strike
0-1: Ball
1-1: SOLO HOME RUN (Flyball, 9D), Distance : 343 ft
Batting: LHB Héctor Soto 0-0: Ball
1-0: Foul Ball, location: 2F
1-1: Foul Ball, location: 2F
1-2: Ball
2-2: Fly out, F7 (Flyball, 7LM)
Batting: RHB Brian Cannon 0-0: Ground out 4-3 (Groundball, 4)
Batting: RHB Luis Antonio Cuevas 0-0: Called Strike
0-1: Called Strike
0-2: Fly out, F7 (Line Drive, 7M)
Bottom of the 4th over - 1 run(s), 1 hit(s), 0 error(s), 0 left on base; Purdue 4 - Georgia Tech 2
TOP OF THE 5TH
Purdue Boilermakers batting - Pitching for Georgia Tech Yellow Jackets : RHP Isaac Pope
Batting: RHB John Martin 0-0: Ball
1-0: Ball
2-0: Ball
3-0: Called Strike
3-1: Swinging Strike
3-2: SINGLE (Groundball, 34D)
Batting: RHB Norm Scott 0-0: Ball
1-0: Fly out, F7 (Flyball, 7M)
Batting: RHB Jeff Mason 0-0: Ball
1-0: Ball
2-0: Ball
3-0: Called Strike
3-1: SINGLE (Line Drive, 4MD)
John Martin to second
Pitching: LHP Juan Jose Hinojosa
Batting: RHB Glenn Broadwater 0-0: Called Strike
0-1: Ball
1-1: Ball
2-1: Ball
3-1: Base on Balls
John Martin to third
Jeff Mason to second
Batting: LHB Richard Brooks 0-0: Ball
1-0: Ball
2-0: Ball
3-0: Called Strike
3-1: Base on Balls
John Martin scores
Jeff Mason to third
Glenn Broadwater to second
Batting: RHB John Jamison 0-0: Foul Ball, location: 2F
0-1: Fly out, F8 (Flyball, 8RM)
Runner from 3rd tags up, SCORES, no throw
Batting: RHB Ricardo Velásquez 0-0: Swinging Strike
0-1: Ball
1-1: Swinging Strike
1-2: Ball
2-2: Strikes out swinging
Top of the 5th over - 2 run(s), 2 hit(s), 0 error(s), 2 left on base; Purdue 6 - Georgia Tech 2
BOTTOM OF THE 5TH
Georgia Tech Yellow Jackets batting - Pitching for Purdue Boilermakers : RHP Michael Morris
Batting: RHB Jonny Lord 0-0: Ball
1-0: Ball
2-0: Foul Ball, location: 2F
2-1: Ball
3-1: SINGLE (Flyball, 9LM)
Batting: RHB John Smith 0-0: Foul Ball, location: 2F
0-1: Swinging Strike
0-2: Ground out 5-3 (Groundball, 5S)
Jonny Lord to second
Batting: RHB Pete McKee 0-0: Ball
1-0: Foul Ball, location: 2F
1-1: Ball
2-1: Called Strike
2-2: Ball
3-2: Strikes out looking
Batting: RHB Pedro Fernández 0-0: SINGLE (Line Drive, 9S)
Jonny Lord to third
Runner from 3rd tries for Home, SAFE, no throw or cutoff
Batting: LHB Mike Harris 0-0: Called Strike
0-1: Ball
1-1: Foul Ball, location: 2F
1-2: Foul Ball, location: 2F
1-2: Ball
2-2: Ball
3-2: Base on Balls
Pedro Fernández to second
Batting: SHB Ramón Valdés 0-0: Ball
1-0: Fly out, F7 (Flyball, 78M)
Bottom of the 5th over - 1 run(s), 2 hit(s), 0 error(s), 2 left on base; Purdue 6 - Georgia Tech 3
TOP OF THE 6TH
Purdue Boilermakers batting - Pitching for Georgia Tech Yellow Jackets : LHP Juan Jose Hinojosa
Batting: RHB Ryan Brown 0-0: Swinging Strike
0-1: Foul Ball, location: 2F
0-2: Strikes out swinging
Batting: RHB Bill Crawley 0-0: Ball
1-0: Swinging Strike
1-1: Swinging Strike
1-2: Ball
2-2: Strikes out looking
Batting: RHB John Martin 0-0: Ball
1-0: DOUBLE (Groundball, 3L)
Batting: RHB Norm Scott 0-0: Foul Ball, location: 2F
0-1: Ball
1-1: Called Strike
1-2: Ball
2-2: Ball
3-2: Base on Balls
Batting: RHB Jeff Mason 0-0: Called Strike
0-1: Foul Ball, location: 2F
0-2: Strikes out swinging
Top of the 6th over - 0 run(s), 1 hit(s), 0 error(s), 2 left on base; Purdue 6 - Georgia Tech 3
BOTTOM OF THE 6TH
Georgia Tech Yellow Jackets batting - Pitching for Purdue Boilermakers : RHP Michael Morris
Batting: LHB Héctor Soto 0-0: Ball
1-0: Ball
2-0: Foul Ball, location: 2F
2-1: Fly out, F8 (Flyball, 8LM)
Pitching: RHP Michael Lewis
Batting: RHB Brian Cannon 0-0: Ball
1-0: Foul Ball, location: 2F
1-1: Fly out, F7 (Flyball, 7M)
Batting: RHB Luis Antonio Cuevas 0-0: Ball
1-0: Foul Ball, location: 2F
1-1: Ground out 1-3 (Groundball, 13)
Bottom of the 6th over - 0 run(s), 0 hit(s), 0 error(s), 0 left on base; Purdue 6 - Georgia Tech 3
TOP OF THE 7TH
Purdue Boilermakers batting - Pitching for Georgia Tech Yellow Jackets : LHP Juan Jose Hinojosa
Batting: RHB Glenn Broadwater 0-0: Ball
1-0: Foul Ball, location: 2F
1-1: Foul Ball, location: 2F
1-2: Ball
2-2: Ball
3-2: Base on Balls
Pitching: RHP César Torres
Batting: LHB Richard Brooks 0-0: Ball
1-0: Ground out 3-1 (Groundball, 34S)
Glenn Broadwater to second
Batting: RHB John Jamison 0-0: Ball
1-0: Ball
2-0: Ball
3-0: Called Strike
3-1: Called Strike
3-2: Base on Balls
Batting: RHB Ricardo Velásquez 0-0: Ball
1-0: Foul Ball, location: 2F
1-1: Grounds into double play, 5-4-3 (Groundball, 56)
Top of the 7th over - 0 run(s), 0 hit(s), 0 error(s), 1 left on base; Purdue 6 - Georgia Tech 3
BOTTOM OF THE 7TH
Georgia Tech Yellow Jackets batting - Pitching for Purdue Boilermakers : RHP Michael Lewis
Batting: RHB Jonny Lord 0-0: SOLO HOME RUN (Flyball, 8LXD), Distance : 377 ft
Batting: RHB John Smith 0-0: Ball
1-0: Ground out 6-3 (Groundball, 6)
Batting: RHB Pete McKee 0-0: SINGLE (Line Drive, 56D)
Batting: RHB Pedro Fernández 0-0: Swinging Strike
0-1: Swinging Strike
0-2: Strikes out swinging
Batting: LHB Mike Harris 0-0: Fly out, F8 (Flyball, 89M)
Bottom of the 7th over - 1 run(s), 2 hit(s), 0 error(s), 1 left on base; Purdue 6 - Georgia Tech 4
TOP OF THE 8TH
Purdue Boilermakers batting - Pitching for Georgia Tech Yellow Jackets : RHP César Torres
Batting: RHB Ryan Brown 0-0: Ball
1-0: Fly out, F3 (Popup, 3DF)
Batting: RHB Bill Crawley 0-0: Swinging Strike
0-1: Ball
1-1: Foul Ball, location: 2F
1-2: Ball
2-2: Ball
3-2: Foul Ball, location: 2F
3-2: Strikes out swinging
Batting: RHB John Martin 0-0: Called Strike
0-1: Ball
1-1: DOUBLE (Line Drive, 6D)
Batting: RHB Norm Scott 0-0: Ball
1-0: Fly out, F7 (Line Drive, 78M)
Top of the 8th over - 0 run(s), 1 hit(s), 0 error(s), 1 left on base; Purdue 6 - Georgia Tech 4
BOTTOM OF THE 8TH
Georgia Tech Yellow Jackets batting - Pitching for Purdue Boilermakers : RHP Michael Lewis
Now at C: José Rivera
Batting: SHB Ramón Valdés 0-0: Called Strike
0-1: Called Strike
0-2: Ball
1-2: Foul Ball, location: 2F
1-2: Strikes out swinging
Pitching: LHP Dave Stokes
Batting: LHB Héctor Soto 0-0: Ball
1-0: Ball
2-0: SINGLE (Flyball, 7S)
Pitching: RHP Scot Wright
Batting: RHB Brian Cannon 0-0: Ball
1-0: Foul Ball, location: 2F
1-1: Ball
2-1: Ball
3-1: Fly out, F8 (Flyball, 8RM)
Batting: RHB Luis Antonio Cuevas 0-0: Called Strike
0-1: Ball
1-1: Reached on error, E5 (Groundball, 56S)
Héctor Soto to second
Batting: RHB Jonny Lord 0-0: Called Strike
0-1: Foul Ball, location: 2F
0-2: Fly out, F9 (Flyball, 89S)
Bottom of the 8th over - 0 run(s), 1 hit(s), 1 error(s), 2 left on base; Purdue 6 - Georgia Tech 4
TOP OF THE 9TH
Purdue Boilermakers batting - Pitching for Georgia Tech Yellow Jackets : RHP César Torres
Pitching: RHP Adam Knight
Batting: RHB Jeff Mason 0-0: Ball
1-0: Ball
2-0: Called Strike
2-1: Ball
3-1: Base on Balls
Batting: RHB Glenn Broadwater 0-0: Ball
1-0: Ball
2-0: Ball
3-0: Base on Balls
Jeff Mason to second
Batting: LHB Richard Brooks 0-0: DOUBLE (Line Drive, 8LM)
Jeff Mason scores
Glenn Broadwater to third
Batting: RHB John Jamison 0-0: Ball
1-0: Foul Ball, location: 2F
1-1: Foul Ball, location: 2F
1-2: Ball
2-2: Fly out, F8 (Flyball, 8LS)
Batting: RHB Ricardo Velásquez 0-0: Intentional Walk
Batting: RHB Ryan Brown 0-0: Called Strike
0-1: Ball
1-1: Ball
2-1: Ball
3-1: Called Strike
3-2: Base on Balls
Glenn Broadwater scores
Richard Brooks to third
Ricardo Velásquez to second
Pitching: LHP Michael Stewart
Batting: RHB Bill Crawley 0-0: Ball
1-0: Called Strike
1-1: Swinging Strike
1-2: Ball
2-2: Fly out, F8 (Flyball, 8LM)
Runner from 3rd tags up, SCORES, no throw
Batting: RHB José Rivera 0-0: Foul Ball, location: 2F
0-1: Fly out, F9 (Flyball, 89M)
Top of the 9th over - 3 run(s), 1 hit(s), 0 error(s), 2 left on base; Purdue 9 - Georgia Tech 4
BOTTOM OF THE 9TH
Georgia Tech Yellow Jackets batting - Pitching for Purdue Boilermakers : RHP Scot Wright
Batting: RHB John Smith 0-0: Ball
1-0: Ball
2-0: Swinging Strike
2-1: Fly out, F5 (Line Drive, 56)
Batting: RHB Pete McKee 0-0: Called Strike
0-1: Fly out, F8 (Flyball, 8RM)
Batting: RHB Pedro Fernández 0-0: Ball
1-0: Ball
2-0: Ball
3-0: Called Strike
3-1: Base on Balls
Pitching: RHP Michael Hankins
Batting: LHB Mike Harris 0-0: Ground out 3-1 (Groundball, 3L)
Bottom of the 9th over - 0 run(s), 0 hit(s), 0 error(s), 1 left on base; Purdue 9 - Georgia Tech 4
This league is powered by Out of the Park Baseball, the baseball management simulation game for PC, Mac and Linux
Saturday, April 9th, 2016 - OOTP Baseball 16.8 Build 38